WCHLSIM.com - West Coast Hockey League
html PUBLIC "-//W3C//DTD XHTML 1.0 Transitional//EN" "http://www.w3.org/TR/xhtml1/DTD/xhtml1-transitional.dtd"> WCHL - Game 485 - OAKLAND GORILLAS vs SEATTLE GRUNGE

OAKLAND GORILLAS vs SEATTLE GRUNGE

Created - 22 décembre 2022 at 07:30

Goals
1 2 3 T
OAKLAND GORILLAS 2 0 2 4
SEATTLE GRUNGE 0 1 1 2
Shots
1 2 3 T
OAKLAND GORILLAS 9 12 18 39
SEATTLE GRUNGE 5 11 5 21

1st period

1. OAKLAND GORILLAS , Paul Stastny 10 (Brock Nelson 17) at 4:12
2. OAKLAND GORILLAS , Zachary Werenski 2 (Brock Nelson 18, Boone Jenner 17) at 9:05 (PP)

Penalties :
Travis Sanheim (SEA) for Holding (Minor) at 8:31, Jonas Siegenthaler (OAK) for High sticking (Minor) at 10:18

2nd period

3. SEATTLE GRUNGE , Carl Hagelin 6 (Morgan Geekie 5, Riley Sheahan 8) at 2:20

Penalties :
Martin Fehervary (OAK) for Tripping (Minor) at 7:17, Nick Seeler (SEA) for Cross-checking (Minor) at 10:00

3rd period

4. SEATTLE GRUNGE , Warren Foegele 3 (Milan Lucic 5, Roman Josi 14) at 7:21
5. OAKLAND GORILLAS , Brock Nelson 18 (Paul Stastny 7, Zachary Werenski 13) at 8:43
6. OAKLAND GORILLAS , Nico Hischier 8 (Zachary Werenski 14) at 11:47

Penalties :
Brock Boeser (OAK) for Roughing (Minor) at 14:46

Goalie Stats

James Reimer (OAK), 19 saves from 21 shots - (0,905), W, 15-7-1, 60:00 minutes
Semyon Varlamov (SEA), 35 saves from 39 shots - (0,897), L, 6-14-2, 60:00 minutes

Players Stats for OAKLAND GORILLAS

Player Name              G  A  P  +/- PIM S  H  SB GA TA FO     MP     PP MP  PK MP  
------------------------------------------------------------------------------------
Boone Jenner             0  1  1  -1  0   6  1  0  0  0  17/25  18:24   1:48   1:55 
Brock Boeser             0  0  0   1  2   2  0  0  0  0  1/1    17:34   0:45   0:00 
Brock Nelson             1  2  3   1  0   7  0  0  0  0  11/16  17:40   1:48   0:00 
Calle Jarnkrok           0  0  0   1  0   2  0  0  0  0  0/1    19:51   0:00   3:59 
Cameron York             0  0  0   0  0   0  2  0  0  0  0/0    16:55   1:13   0:03 
Conor Garland            0  0  0   1  0   3  0  0  0  0  1/1    18:11   0:45   0:36 
David Kampf              0  0  0  -1  0   3  1  0  0  0  5/8    17:42   0:00   3:01 
Hampus Lindholm          0  0  0   0  0   0  0  1  0  0  0/0    20:23   1:20   2:39 
Joel Farabee             0  0  0  -1  0   2  1  0  0  0  0/0    14:41   0:00   0:00 
Jonas Siegenthaler       0  0  0   0  2   1  4  0  0  0  0/0    17:28   0:00   1:50 
Martin Fehervary         0  0  0   0  2   2  0  2  0  0  0/0    17:09   0:00   0:46 
Mason Appleton           0  0  0   0  0   0  0  0  0  0  0/0     4:07   0:00   0:00 
Nico Hischier            1  0  1   1  0   3  1  0  0  0  19/30  23:37   0:45   1:55 
Nico Sturm               0  0  0   0  0   0  0  0  0  0  0/0     4:07   0:00   0:00 
Paul Stastny             1  1  2   1  0   5  1  0  0  0  0/1    18:08   1:48   0:28 
Tyler Myers              0  0  0   1  0   1  4  0  0  0  0/0    22:30   1:13   3:18 
Zachary Jones            0  0  0   0  0   0  0  0  0  0  0/0     1:28   0:00   0:00 
Zachary Werenski         1  2  3   1  0   2  0  1  0  0  0/0    24:05   1:20   3:18 

Players Stats for SEATTLE GRUNGE

Player Name              G  A  P  +/- PIM S  H  SB GA TA FO     MP     PP MP  PK MP  
------------------------------------------------------------------------------------
Carl Hagelin             1  0  1   1  0   1  0  2  0  0  2/3    15:05   1:54   1:52 
Danny DeKeyser           0  0  0  -1  0   2  2  1  0  0  0/0    19:29   0:00   1:22 
Garnet Hathaway          0  0  0  -1  0   2  2  1  0  0  0/1    19:31   3:16   1:52 
Jakub Vrana              0  0  0  -1  0   2  0  0  0  0  0/2    18:20   3:16   0:41 
Kyle Palmieri            0  0  0  -1  0   4  0  0  0  0  2/8    18:33   0:00   0:41 
Milan Lucic              0  1  1   0  0   1  0  0  0  0  1/3     8:19   1:54   0:00 
Morgan Geekie            0  1  1   1  0   1  0  0  0  0  0/0    13:37   0:47   0:00 
Nick Seeler              0  0  0   0  2   0  2  3  0  0  0/0    15:56   0:00   0:00 
Nicolas Meloche          0  0  0  -1  0   0  2  1  0  0  0/0    17:58   2:59   1:52 
Nikita Zaitsev           0  0  0   0  0   1  1  1  0  0  0/0    20:07   2:59   1:11 
Rem Pitlick              0  0  0  -1  0   3  0  0  0  0  6/21   17:39   3:16   0:00 
Riley Sheahan            0  1  1   1  0   0  1  0  0  0  9/14   13:23   0:33   0:00 
Roman Josi               0  1  1   0  0   0  2  0  0  0  0/0    25:24   2:58   0:00 
Sheldon Rempal           0  0  0  -1  0   2  0  0  0  0  5/19   17:52   0:00   0:00 
T.J. Tynan               0  0  0   0  0   0  0  0  0  0  3/3    10:04   2:08   0:00 
Travis Sanheim           0  0  0   0  2   0  2  0  0  0  0/0    21:04   2:58   0:41 
Warren Foegele           1  0  1   0  0   2  0  0  0  0  1/8     6:25   0:00   0:00 
Wayne Simmonds           0  0  0  -1  0   0  4  0  0  0  0/1    18:39   0:47   0:00 

3 Stars

1 - Zachary Werenski (OAK)
2 - Brock Nelson (OAK)
3 - Paul Stastny (OAK)

Power Play

OAKLAND GORILLAS - 1 on 2 Attempt(s) - 50,00%
SEATTLE GRUNGE - 0 on 3 Attempt(s) - 0,00%

Penalty Kill

OAKLAND GORILLAS - 3 on 3 Attempt(s) - 100,00% - Score 0 goal in Penalty Kill
SEATTLE GRUNGE - 1 on 2 Attempt(s) - 50,00% - Score 0 goal in Penalty Kill

Team Stat

OAKLAND GORILLAS - Hits : 15 - Faceoff Wins : 54 - Blocked Shots : 4 - Penalty Minutes : 6
SEATTLE GRUNGE - Hits : 18 - Faceoff Wins : 29 - Blocked Shots : 9 - Penalty Minutes : 4

Official

Referees : Eric Furlatt and Terry Koharski
Linesman : Brent Hooks and Julien Fournier

Game Notes

Carl Hagelin is injured at 12:46 of 3rd period (Strained Groin)

Finance

Level 1 -- Attendance: 6000 (100,00%) -- Ticket Income 900 000 $
Level 2 -- Attendance: 5000 (100,00%) -- Ticket Income 500 000 $
Level 3 -- Attendance: 2840 (94,67%) -- Ticket Income 184 600 $
Level 4 -- Attendance: 5000 (100,00%) -- Ticket Income 275 000 $
Luxury Box -- Attendance: 1000 (100,00%) -- Ticket Income 300 000 $
Total Attendance: 19840 (99,20%)
Total Ticket Income: 2 159 600 $
Other Expense: 21 596 $
Total Income: 2 138 004 $

OAKLAND GORILLAS

5 vs 5 Forward 
   Center                   Left Wing                Right Wing               Time % Phy DF OF 
 1 Nico Hischier            Conor Garland            Brock Boeser             34     1   2  2  
 2 Brock Nelson             Paul Stastny             Calle Jarnkrok           33     1   2  2  
 3 Boone Jenner             Joel Farabee             David Kampf              29     1   2  2  
 4 Nico Hischier            Nico Sturm               Mason Appleton           4      1   2  2  

5 vs 5 Defense 
   Defense                  Defense                                           Time % Phy DF OF 
 1 Zachary Werenski         Tyler Myers                                       37     1   2  2  
 2 Hampus Lindholm          Martin Fehervary                                  33     1   2  2  
 3 Jonas Siegenthaler       Cameron York                                      30     1   2  2  
 4 Zachary Werenski         Zachary Jones                                     0      1   2  2  

PowerPlay Forward 
   Center                   Left Wing                Right Wing               Time % Phy DF OF 
 1 Nico Hischier            Conor Garland            Brock Boeser             55     0   2  3  
 2 Boone Jenner             Paul Stastny             Brock Nelson             45     0   2  3  

PowerPlay Defense
   Defense                  Defense                                           Time % Phy DF OF 
 1 Zachary Werenski         Hampus Lindholm                                   55     1   2  2  
 2 Cameron York             Tyler Myers                                       45     1   2  2  

Penalty Kill 4 Players Forward 
   Center                   Wing                     Time % Phy DF OF 
 1 David Kampf              Calle Jarnkrok           55     1   2  2  
 2 Nico Hischier            Boone Jenner             45     1   2  2  

Penalty Kill 4 Players Defense
   Defense                  Defense                  Time % Phy DF OF 
 1 Zachary Werenski         Tyler Myers              55     1   2  2  
 2 Jonas Siegenthaler       Hampus Lindholm          45     1   2  2  

Penalty Kill - 3 Players Forward 
   Forward                                           Time % Phy DF OF 
 1 Nico Hischier                                     55     1   2  2  
 2 Paul Stastny                                      45     1   2  2  

Penalty Kill - 3 Players Defense
   Defense                  Defense                  Time % Phy DF OF 
 1 Tyler Myers              Zachary Werenski         55     1   2  2  
 2 Hampus Lindholm          Jonas Siegenthaler       45     1   2  2  

4 vs 4 Forward 
   Center                   Wing                     Time % Phy DF OF 
 1 Nico Hischier            Brock Nelson             55     1   2  2  
 2 Boone Jenner             Brock Boeser             45     1   2  2  

4 vs 4 Defense
   Defense                  Defense                  Time % Phy DF OF 
 1 Zachary Werenski         Tyler Myers              55     1   2  2  
 2 Hampus Lindholm          Martin Fehervary         45     1   2  2  

Last Minutes Offensive
   Center                   Left Wing                Right Wing               Defense                  Defense                  
   Nico Hischier            Brock Nelson             Boone Jenner             Zachary Werenski         Tyler Myers              

Last Minutes Defensive
   Center                   Left Wing                Right Wing               Defense                  Defense                  
   Nico Hischier            Paul Stastny             Conor Garland            Hampus Lindholm          Jonas Siegenthaler       

Goaltenders
Starting : James Reimer             
Backup : Alexandar Georgiev       

Extra Forwards
Normal : Nico Hischier, Brock Nelson, Boone Jenner - PP : Joel Farabee, Calle Jarnkrok - PK : Conor Garland
Extra Defensemen
Normal : Zachary Werenski, Hampus Lindholm, Tyler Myers - PP : Jonas Siegenthaler - PK : Martin Fehervary, Cameron York
Penalty Shots
Brock Nelson, Nico Hischier, Boone Jenner, Brock Boeser, Paul Stastny
Custom OT Lines Forwards
Nico Hischier, Brock Nelson, Boone Jenner, Paul Stastny, Brock Boeser, Conor Garland, Calle Jarnkrok, David Kampf, Joel Farabee, Mason Appleton
Custom OT Lines Defensemen
Zachary Werenski, Tyler Myers, Hampus Lindholm, Martin Fehervary, Cameron York

Scratches
Jesse Puljujarvi (Torso Injury), Patrik Laine (Dislocated Patella Injury), Travis Boyd (Sprained Left Finger Injury)

SEATTLE GRUNGE

5 vs 5 Forward 
   Center                   Left Wing                Right Wing               Time % Phy DF OF 
 1 Sheldon Rempal           Wayne Simmonds           Kyle Palmieri            36     1   2  2  
 2 Rem Pitlick              Jakub Vrana              Garnet Hathaway          31     1   2  2  
 3 Riley Sheahan            Carl Hagelin             Morgan Geekie            23     1   2  2  
 4 Warren Foegele           Milan Lucic              T.J. Tynan               10     1   2  2  

5 vs 5 Defense 
   Defense                  Defense                                           Time % Phy DF OF 
 1 Danny DeKeyser           Roman Josi                                        36     1   2  2  
 2 Nikita Zaitsev           Nick Seeler                                       31     1   2  2  
 3 Nicolas Meloche          Travis Sanheim                                    23     1   2  2  
 4 Roman Josi               Travis Sanheim                                    10     1   2  2  

PowerPlay Forward 
   Center                   Left Wing                Right Wing               Time % Phy DF OF 
 1 Milan Lucic              T.J. Tynan               Carl Hagelin             55     1   2  2  
 2 Rem Pitlick              Jakub Vrana              Garnet Hathaway          45     1   2  2  

PowerPlay Defense
   Defense                  Defense                                           Time % Phy DF OF 
 1 Roman Josi               Travis Sanheim                                    55     1   2  2  
 2 Nikita Zaitsev           Nicolas Meloche                                   45     1   2  2  

Penalty Kill 4 Players Forward 
   Center                   Wing                     Time % Phy DF OF 
 1 Carl Hagelin             Garnet Hathaway          55     1   2  2  
 2 Kyle Palmieri            Jakub Vrana              45     1   2  2  

Penalty Kill 4 Players Defense
   Defense                  Defense                  Time % Phy DF OF 
 1 Nicolas Meloche          Danny DeKeyser           55     1   2  2  
 2 Nikita Zaitsev           Travis Sanheim           45     1   2  2  

Penalty Kill - 3 Players Forward 
   Forward                                           Time % Phy DF OF 
 1 Jakub Vrana                                       55     1   2  2  
 2 Garnet Hathaway                                   45     1   2  2  

Penalty Kill - 3 Players Defense
   Defense                  Defense                  Time % Phy DF OF 
 1 Roman Josi               Travis Sanheim           55     1   2  2  
 2 Nikita Zaitsev           Nicolas Meloche          45     1   2  2  

4 vs 4 Forward 
   Center                   Wing                     Time % Phy DF OF 
 1 Garnet Hathaway          Milan Lucic              55     1   2  2  
 2 Carl Hagelin             Jakub Vrana              45     1   2  2  

4 vs 4 Defense
   Defense                  Defense                  Time % Phy DF OF 
 1 Nicolas Meloche          Roman Josi               55     1   2  2  
 2 Nikita Zaitsev           Travis Sanheim           45     1   2  2  

Last Minutes Offensive
   Center                   Left Wing                Right Wing               Defense                  Defense                  
   Sheldon Rempal           Wayne Simmonds           Kyle Palmieri            Danny DeKeyser           Roman Josi               

Last Minutes Defensive
   Center                   Left Wing                Right Wing               Defense                  Defense                  
   Sheldon Rempal           Wayne Simmonds           Kyle Palmieri            Danny DeKeyser           Roman Josi               

Goaltenders
Starting : Semyon Varlamov          
Backup : Andrew Hammond           

Extra Forwards
Normal : T.J. Tynan, Carl Hagelin, Milan Lucic - PP : T.J. Tynan, Carl Hagelin - PK : Milan Lucic
Extra Defensemen
Normal : Nicolas Meloche, Travis Sanheim, Nikita Zaitsev - PP : Nicolas Meloche - PK : Nicolas Meloche, Nikita Zaitsev
Penalty Shots
Milan Lucic, T.J. Tynan, Sheldon Rempal, Jakub Vrana, Garnet Hathaway
Custom OT Lines Forwards
Sheldon Rempal, T.J. Tynan, Wayne Simmonds, Jakub Vrana, Garnet Hathaway, Carl Hagelin, Milan Lucic, Rem Pitlick, Riley Sheahan, Warren Foegele
Custom OT Lines Defensemen
Nick Seeler, Danny DeKeyser, Nikita Zaitsev, Travis Sanheim, Nicolas Meloche

Scratches
David Savard (Healthy), Tyler Seguin (Healthy), Tomas Tatar (Bruised Right Arm Injury), Devan Dubnyk (Healthy)

% Time on Ice - OAKLAND GORILLAS

Lines # - Real PCT - Wanted PCT - Time Play
Normal Forward
1 - 33% - 34% - 16:50
2 - 31% - 33% - 15:52
3 - 29% - 29% - 14:41
4 - 8% - 4% - 4:07
Normal Defense
1 - 35% - 37% - 17:59
2 - 32% - 33% - 16:24
3 - 30% - 30% - 15:39
4 - 3% - 0% - 1:28
PP Forward
1 - 29% - 55% - 0:45
2 - 71% - 45% - 1:48
PP Defense
1 - 52% - 55% - 1:20
2 - 48% - 45% - 1:13
PK Forward
1 - 68% - 55% - 4:02
2 - 32% - 45% - 1:55
PK Defense
1 - 55% - 55% - 3:18
2 - 45% - 45% - 2:39
PK3 Forward
1 - 0% - 55%
2 - 0% - 45%
PK3 Defense
1 - 0% - 55%
2 - 0% - 45%
44 Forward
1 - 0% - 55%
2 - 0% - 45%
44 Defense
1 - 0% - 55%
2 - 0% - 45%
Last Minute Offensive  - 0:00
Last Minute Defensive  - 0:00
Total
Forward - 60:00
Defense - 60:00

% Time on Ice - SEATTLE GRUNGE

Lines # - Real PCT - Wanted PCT - Time Play
Normal Forward
1 - 35% - 36% - 17:52
2 - 28% - 31% - 14:23
3 - 25% - 23% - 12:50
4 - 12% - 10% - 6:25
Normal Defense
1 - 35% - 36% - 18:07
2 - 31% - 31% - 15:57
3 - 24% - 23% - 12:10
4 - 10% - 10% - 5:16
PP Forward
1 - 45% - 55% - 2:41
2 - 55% - 45% - 3:16
PP Defense
1 - 50% - 55% - 2:58
2 - 50% - 45% - 2:59
PK Forward
1 - 73% - 55% - 1:52
2 - 27% - 45% - 0:41
PK Defense
1 - 54% - 55% - 1:22
2 - 46% - 45% - 1:11
PK3 Forward
1 - 0% - 55%
2 - 0% - 45%
PK3 Defense
1 - 0% - 55%
2 - 0% - 45%
44 Forward
1 - 0% - 55%
2 - 0% - 45%
44 Defense
1 - 0% - 55%
2 - 0% - 45%
Last Minute Offensive  - 0:00
Last Minute Defensive  - 0:00
Total
Forward - 60:00
Defense - 60:00

Play-by-Play

1st period


0:01 of 1st period - Nico Hischier wins face-off versus Sheldon Rempal in neutral zone.
0:34 of 1st period - Nico Hischier is hit by Wayne Simmonds and loses puck.
0:43 of 1st period - Shot by Brock Boeser.
0:43 of 1st period - Shot Misses the Net.
1:29 of 1st period - Shot by Paul Stastny.
1:29 of 1st period - Shot Misses the Net.
1:47 of 1st period - Shot by Rem Pitlick.
1:47 of 1st period - Stopped by James Reimer with a rebound.
1:49 of 1st period - Shot by Rem Pitlick.
1:49 of 1st period - Shot Misses the Net.
1:51 of 1st period - Shot by Nikita Zaitsev.
1:51 of 1st period - Stopped by James Reimer without a rebound.
1:52 of 1st period - Riley Sheahan wins face-off versus Boone Jenner in OAKLAND GORILLAS zone.
1:58 of 1st period - Carl Hagelin is hit by Jonas Siegenthaler and loses puck.
2:23 of 1st period - Shot by Joel Farabee.
2:23 of 1st period - Shot Misses the Net.
2:25 of 1st period - Shot by Boone Jenner.
2:25 of 1st period - Shot Blocked by Carl Hagelin.
3:27 of 1st period - Shot by Nico Hischier.
3:27 of 1st period - Stopped by Semyon Varlamov without a rebound.
3:28 of 1st period - Brock Nelson wins face-off versus Rem Pitlick in SEATTLE GRUNGE zone.
3:44 of 1st period - Icing by Hampus Lindholm.
3:45 of 1st period - Brock Nelson wins face-off versus Warren Foegele in OAKLAND GORILLAS zone.
4:12 of 1st period - Shot by Paul Stastny.
4:12 of 1st period - Goal by Paul Stastny - OAKLAND GORILLAS : 1 - SEATTLE GRUNGE : 0.
4:13 of 1st period - Nico Hischier wins face-off versus Rem Pitlick in neutral zone.
4:25 of 1st period - Shot by Jakub Vrana.
4:25 of 1st period - Stopped by James Reimer with a rebound.
4:27 of 1st period - Shot by Garnet Hathaway.
4:27 of 1st period - Shot Misses the Net.
5:30 of 1st period - Icing by Danny DeKeyser.
5:31 of 1st period - Boone Jenner wins face-off versus Sheldon Rempal in SEATTLE GRUNGE zone.
5:32 of 1st period - Shot by Joel Farabee.
5:32 of 1st period - Stopped by Semyon Varlamov without a rebound.
5:33 of 1st period - Boone Jenner wins face-off versus Sheldon Rempal in SEATTLE GRUNGE zone.
6:00 of 1st period - Shot by Kyle Palmieri.
6:00 of 1st period - Stopped by James Reimer without a rebound.
6:01 of 1st period - T.J. Tynan wins face-off versus Paul Stastny in OAKLAND GORILLAS zone.
6:15 of 1st period - Icing by Paul Stastny.
6:16 of 1st period - Riley Sheahan wins face-off versus Brock Nelson in OAKLAND GORILLAS zone.
6:51 of 1st period - Shot by Brock Nelson.
6:51 of 1st period - Shot Blocked by Nicolas Meloche.
7:09 of 1st period - Icing by Kyle Palmieri.
7:10 of 1st period - Boone Jenner wins face-off versus Sheldon Rempal in SEATTLE GRUNGE zone.
7:13 of 1st period - Shot by Boone Jenner.
7:13 of 1st period - Stopped by Semyon Varlamov without a rebound.
7:14 of 1st period - Sheldon Rempal wins face-off versus Boone Jenner in SEATTLE GRUNGE zone.
7:27 of 1st period - Icing by Tyler Myers.
7:28 of 1st period - Boone Jenner wins face-off versus Rem Pitlick in OAKLAND GORILLAS zone.
8:09 of 1st period - Shot by Boone Jenner.
8:09 of 1st period - Stopped by Semyon Varlamov without a rebound.
8:10 of 1st period - Nico Hischier wins face-off versus Sheldon Rempal in SEATTLE GRUNGE zone.
8:19 of 1st period - Shot by Conor Garland.
8:19 of 1st period - Stopped by Semyon Varlamov without a rebound.
8:20 of 1st period - T.J. Tynan wins face-off versus Nico Hischier in SEATTLE GRUNGE zone.
8:29 of 1st period - Nico Hischier is hit by Roman Josi and loses puck.
8:31 of 1st period - Minor Penalty to Travis Sanheim for Holding.
8:32 of 1st period - Carl Hagelin wins face-off versus Boone Jenner in SEATTLE GRUNGE zone.
8:53 of 1st period - Shot by Zachary Werenski.
8:53 of 1st period - Shot Misses the Net.
8:57 of 1st period - Shot by Boone Jenner.
8:57 of 1st period - Shot Misses the Net.
9:03 of 1st period - Shot by Brock Nelson.
9:03 of 1st period - Shot Blocked by Carl Hagelin.
9:05 of 1st period - Shot by Zachary Werenski.
9:05 of 1st period - Goal by Zachary Werenski - OAKLAND GORILLAS : 2 - SEATTLE GRUNGE : 0.
9:06 of 1st period - Nico Hischier wins face-off versus Sheldon Rempal in neutral zone.
9:33 of 1st period - Kyle Palmieri is hit by Jonas Siegenthaler and loses puck.
10:05 of 1st period - Warren Foegele is hit by Jonas Siegenthaler and loses puck.
10:17 of 1st period - T.J. Tynan is hit by Jonas Siegenthaler and loses puck.
10:18 of 1st period - Minor Penalty to Jonas Siegenthaler for High sticking.
10:19 of 1st period - David Kampf wins face-off versus Rem Pitlick in OAKLAND GORILLAS zone.
10:19 of 1st period - David Kampf is hit by Garnet Hathaway.
12:01 of 1st period - Travis Sanheim is hit by Tyler Myers and loses puck.
12:34 of 1st period - Shot by Sheldon Rempal.
12:34 of 1st period - Stopped by James Reimer without a rebound.
12:35 of 1st period - Nico Hischier wins face-off versus Riley Sheahan in OAKLAND GORILLAS zone.
12:35 of 1st period - Nico Hischier is hit by Nicolas Meloche.
12:54 of 1st period - Shot by Conor Garland.
12:54 of 1st period - Shot Misses the Net.
12:56 of 1st period - Shot by Brock Boeser.
12:56 of 1st period - Deflect By Conor Garland.
12:56 of 1st period - Stopped by Semyon Varlamov with a rebound.
13:45 of 1st period - Shot by Kyle Palmieri.
13:45 of 1st period - Shot Blocked by Hampus Lindholm.
13:59 of 1st period - Icing by Nikita Zaitsev.
14:00 of 1st period - Sheldon Rempal wins face-off versus Brock Nelson in SEATTLE GRUNGE zone.
14:18 of 1st period - Icing by Jonas Siegenthaler.
14:19 of 1st period - Brock Nelson wins face-off versus Rem Pitlick in OAKLAND GORILLAS zone.
14:25 of 1st period - Off-side.
14:26 of 1st period - Boone Jenner wins face-off versus Rem Pitlick in neutral zone.
14:56 of 1st period - Shot by Garnet Hathaway.
14:56 of 1st period - Shot Misses the Net.
15:17 of 1st period - Icing by Hampus Lindholm.
15:18 of 1st period - Sheldon Rempal wins face-off versus Boone Jenner in OAKLAND GORILLAS zone.
16:06 of 1st period - Brock Nelson is hit by Nikita Zaitsev and loses puck.
18:02 of 1st period - Off-side.
18:03 of 1st period - Boone Jenner wins face-off versus Warren Foegele in neutral zone.
18:29 of 1st period - Shot by Milan Lucic.
18:29 of 1st period - Deflect By Warren Foegele.
18:29 of 1st period - Shot Blocked by Martin Fehervary.
18:31 of 1st period - Shot by Warren Foegele.
18:31 of 1st period - Shot Misses the Net.
18:38 of 1st period - Icing by Martin Fehervary.
18:39 of 1st period - Boone Jenner wins face-off versus Kyle Palmieri in OAKLAND GORILLAS zone.
18:48 of 1st period - Shot by David Kampf.
18:48 of 1st period - Shot Misses the Net.
19:28 of 1st period - Shot by Brock Nelson.
19:28 of 1st period - Stopped by Semyon Varlamov without a rebound.
19:29 of 1st period - Nico Hischier wins face-off versus Rem Pitlick in SEATTLE GRUNGE zone.
19:29 of 1st period - Nico Hischier is hit by Danny DeKeyser.
Goals for this period are 2 for OAKLAND GORILLAS vs 0 for SEATTLE GRUNGE.
Shots for this period are 9 for OAKLAND GORILLAS vs 5 for SEATTLE GRUNGE.

2nd period


0:01 of 2nd period - Brock Nelson wins face-off versus Rem Pitlick in neutral zone.
0:25 of 2nd period - Shot by Rem Pitlick.
0:25 of 2nd period - Stopped by James Reimer without a rebound.
0:26 of 2nd period - Nico Hischier wins face-off versus Wayne Simmonds in OAKLAND GORILLAS zone.
0:35 of 2nd period - Icing by Nicolas Meloche.
0:36 of 2nd period - Nico Hischier wins face-off versus Kyle Palmieri in SEATTLE GRUNGE zone.
1:08 of 2nd period - Shot by Kyle Palmieri.
1:08 of 2nd period - Shot Misses the Net.
1:13 of 2nd period - Icing by Nico Hischier.
1:14 of 2nd period - Rem Pitlick wins face-off versus Nico Hischier in OAKLAND GORILLAS zone.
1:52 of 2nd period - Shot by Rem Pitlick.
1:52 of 2nd period - Shot Blocked by Martin Fehervary.
2:06 of 2nd period - Shot by Brock Nelson.
2:06 of 2nd period - Shot Blocked by Nick Seeler.
2:16 of 2nd period - Shot by Morgan Geekie.
2:16 of 2nd period - Shot Misses the Net.
2:18 of 2nd period - Shot by Carl Hagelin.
2:18 of 2nd period - Shot Misses the Net.
2:20 of 2nd period - Shot by Carl Hagelin.
2:20 of 2nd period - Goal by Carl Hagelin - OAKLAND GORILLAS : 2 - SEATTLE GRUNGE : 1.
2:21 of 2nd period - Boone Jenner wins face-off versus Warren Foegele in neutral zone.
2:23 of 2nd period - Off-side.
2:24 of 2nd period - David Kampf wins face-off versus Sheldon Rempal in neutral zone.
2:31 of 2nd period - Shot by Kyle Palmieri.
2:31 of 2nd period - Stopped by James Reimer without a rebound.
2:32 of 2nd period - Riley Sheahan wins face-off versus Boone Jenner in OAKLAND GORILLAS zone.
2:39 of 2nd period - Joel Farabee is hit by Riley Sheahan.
3:04 of 2nd period - Boone Jenner is hit by Travis Sanheim.
3:35 of 2nd period - Icing by Zachary Werenski.
3:36 of 2nd period - Kyle Palmieri wins face-off versus Boone Jenner in OAKLAND GORILLAS zone.
3:58 of 2nd period - Off-side.
3:59 of 2nd period - Brock Nelson wins face-off versus Jakub Vrana in neutral zone.
4:01 of 2nd period - Off-side.
4:02 of 2nd period - Brock Nelson wins face-off versus Rem Pitlick in neutral zone.
4:28 of 2nd period - Shot by Brock Nelson.
4:28 of 2nd period - Stopped by Semyon Varlamov without a rebound.
4:29 of 2nd period - Nico Hischier wins face-off versus Sheldon Rempal in SEATTLE GRUNGE zone.
6:31 of 2nd period - Off-side.
6:32 of 2nd period - Riley Sheahan wins face-off versus Nico Hischier in neutral zone.
6:52 of 2nd period - Icing by Nico Hischier.
6:53 of 2nd period - T.J. Tynan wins face-off versus Nico Hischier in OAKLAND GORILLAS zone.
7:00 of 2nd period - Shot by Milan Lucic.
7:00 of 2nd period - Stopped by James Reimer with a rebound.
7:02 of 2nd period - Shot by Roman Josi.
7:02 of 2nd period - Shot Misses the Net.
7:10 of 2nd period - Shot by Warren Foegele.
7:10 of 2nd period - Stopped by James Reimer with a rebound.
7:12 of 2nd period - Shot by Danny DeKeyser.
7:12 of 2nd period - Stopped by James Reimer without a rebound.
7:13 of 2nd period - Rem Pitlick wins face-off versus Brock Nelson in OAKLAND GORILLAS zone.
7:17 of 2nd period - Minor Penalty to Martin Fehervary for Tripping.
7:18 of 2nd period - David Kampf wins face-off versus Milan Lucic in OAKLAND GORILLAS zone.
7:29 of 2nd period - Shot by Calle Jarnkrok.
7:29 of 2nd period - Stopped by Semyon Varlamov without a rebound.
7:30 of 2nd period - Rem Pitlick wins face-off versus David Kampf in SEATTLE GRUNGE zone.
7:30 of 2nd period - Rem Pitlick is hit by David Kampf.
7:48 of 2nd period - Icing by Garnet Hathaway.
7:49 of 2nd period - Rem Pitlick wins face-off versus David Kampf in SEATTLE GRUNGE zone.
7:58 of 2nd period - Shot by Jakub Vrana.
7:58 of 2nd period - Deflect By Garnet Hathaway.
7:58 of 2nd period - Shot Misses the Net.
8:00 of 2nd period - Shot by Garnet Hathaway.
8:00 of 2nd period - Stopped by James Reimer with a rebound.
8:02 of 2nd period - Shot by Garnet Hathaway.
8:02 of 2nd period - Stopped by James Reimer without a rebound.
8:03 of 2nd period - Nico Hischier wins face-off versus Milan Lucic in OAKLAND GORILLAS zone.
8:13 of 2nd period - Icing by Roman Josi.
8:14 of 2nd period - Milan Lucic wins face-off versus David Kampf in SEATTLE GRUNGE zone.
9:54 of 2nd period - Nico Hischier is hit by Wayne Simmonds and loses puck.
10:00 of 2nd period - Minor Penalty to Nick Seeler for Cross-checking.
10:01 of 2nd period - Carl Hagelin wins face-off versus Boone Jenner in SEATTLE GRUNGE zone.
10:28 of 2nd period - Shot by Boone Jenner.
10:28 of 2nd period - Shot Blocked by Danny DeKeyser.
10:30 of 2nd period - Shot by Paul Stastny.
10:30 of 2nd period - Shot Misses the Net.
10:48 of 2nd period - Shot by Paul Stastny.
10:48 of 2nd period - Stopped by Semyon Varlamov without a rebound.
10:49 of 2nd period - Nico Hischier wins face-off versus Kyle Palmieri in SEATTLE GRUNGE zone.
10:50 of 2nd period - Shot by Conor Garland.
10:50 of 2nd period - Stopped by Semyon Varlamov without a rebound.
10:51 of 2nd period - Nico Hischier wins face-off versus Kyle Palmieri in SEATTLE GRUNGE zone.
10:52 of 2nd period - Shot by Brock Boeser.
10:52 of 2nd period - Shot Misses the Net.
11:08 of 2nd period - Shot by Zachary Werenski.
11:08 of 2nd period - Stopped by Semyon Varlamov without a rebound.
11:09 of 2nd period - Boone Jenner wins face-off versus Carl Hagelin in SEATTLE GRUNGE zone.
11:12 of 2nd period - Shot by Boone Jenner.
11:12 of 2nd period - Shot Misses the Net.
11:14 of 2nd period - Shot by Paul Stastny.
11:14 of 2nd period - Stopped by Semyon Varlamov without a rebound.
11:15 of 2nd period - Kyle Palmieri wins face-off versus Nico Hischier in SEATTLE GRUNGE zone.
11:15 of 2nd period - Kyle Palmieri is hit by Tyler Myers.
11:33 of 2nd period - Shot by Brock Boeser.
11:33 of 2nd period - Shot Misses the Net.
11:35 of 2nd period - Shot by Brock Boeser.
11:35 of 2nd period - Stopped by Semyon Varlamov without a rebound.
11:36 of 2nd period - Boone Jenner wins face-off versus Kyle Palmieri in SEATTLE GRUNGE zone.
11:55 of 2nd period - Shot by Brock Nelson.
11:55 of 2nd period - Stopped by Semyon Varlamov without a rebound.
11:56 of 2nd period - Nico Hischier wins face-off versus Kyle Palmieri in SEATTLE GRUNGE zone.
12:52 of 2nd period - Icing by Jonas Siegenthaler.
12:53 of 2nd period - Nico Hischier wins face-off versus Sheldon Rempal in OAKLAND GORILLAS zone.
12:53 of 2nd period - Nico Hischier is hit by Wayne Simmonds.
14:41 of 2nd period - Shot by Joel Farabee.
14:41 of 2nd period - Shot Misses the Net.
14:43 of 2nd period - Shot by Martin Fehervary.
14:43 of 2nd period - Stopped by Semyon Varlamov without a rebound.
14:44 of 2nd period - Riley Sheahan wins face-off versus Nico Hischier in SEATTLE GRUNGE zone.
15:05 of 2nd period - Conor Garland is hit by Danny DeKeyser and loses puck.
16:18 of 2nd period - Shot by Kyle Palmieri.
16:18 of 2nd period - Stopped by James Reimer with a rebound.
16:25 of 2nd period - Kyle Palmieri is hit by Tyler Myers and loses puck.
16:28 of 2nd period - Shot by Sheldon Rempal.
16:28 of 2nd period - Stopped by James Reimer with a rebound.
16:30 of 2nd period - Shot by Kyle Palmieri.
16:30 of 2nd period - Stopped by James Reimer with a rebound.
16:50 of 2nd period - Shot by Joel Farabee.
16:50 of 2nd period - Shot Misses the Net.
16:52 of 2nd period - Shot by Joel Farabee.
16:52 of 2nd period - Deflect By Boone Jenner.
16:52 of 2nd period - Stopped by Semyon Varlamov without a rebound.
16:53 of 2nd period - Nico Hischier wins face-off versus Garnet Hathaway in SEATTLE GRUNGE zone.
16:59 of 2nd period - Brock Boeser is hit by Travis Sanheim and loses puck.
17:23 of 2nd period - Conor Garland is hit by Roman Josi and loses puck.
18:11 of 2nd period - Boone Jenner is hit by Nick Seeler and loses puck.
18:34 of 2nd period - Shot by Joel Farabee.
18:34 of 2nd period - Shot Misses the Net.
18:36 of 2nd period - Shot by David Kampf.
18:36 of 2nd period - Stopped by Semyon Varlamov without a rebound.
18:37 of 2nd period - Sheldon Rempal wins face-off versus Calle Jarnkrok in SEATTLE GRUNGE zone.
18:37 of 2nd period - Sheldon Rempal is hit by Paul Stastny.
18:42 of 2nd period - Roman Josi is hit by Tyler Myers and loses puck.
19:33 of 2nd period - Off-side.
19:34 of 2nd period - Boone Jenner wins face-off versus Rem Pitlick in neutral zone.
19:39 of 2nd period - Shot by Joel Farabee.
19:39 of 2nd period - Shot Blocked by Garnet Hathaway.
19:41 of 2nd period - Shot by David Kampf.
19:41 of 2nd period - Shot Misses the Net.
19:43 of 2nd period - Shot by Joel Farabee.
19:43 of 2nd period - Stopped by Semyon Varlamov with a rebound.
Goals for this period are 0 for OAKLAND GORILLAS vs 1 for SEATTLE GRUNGE.
Shots for this period are 12 for OAKLAND GORILLAS vs 11 for SEATTLE GRUNGE.

3rd period


0:01 of 3rd period - Brock Boeser wins face-off versus Sheldon Rempal in neutral zone.
0:29 of 3rd period - Shot by Nico Hischier.
0:29 of 3rd period - Shot Misses the Net.
0:31 of 3rd period - Shot by Zachary Werenski.
0:31 of 3rd period - Deflect By Nico Hischier.
0:31 of 3rd period - Shot Misses the Net.
0:35 of 3rd period - Shot by Nico Hischier.
0:35 of 3rd period - Stopped by Semyon Varlamov without a rebound.
0:36 of 3rd period - Brock Nelson wins face-off versus Rem Pitlick in SEATTLE GRUNGE zone.
0:51 of 3rd period - Shot by Paul Stastny.
0:51 of 3rd period - Deflect By Brock Nelson.
0:51 of 3rd period - Stopped by Semyon Varlamov with a rebound.
0:53 of 3rd period - Shot by Brock Nelson.
0:53 of 3rd period - Shot Blocked by Nick Seeler.
0:57 of 3rd period - Shot by Brock Nelson.
0:57 of 3rd period - Shot Blocked by Nikita Zaitsev.
1:01 of 3rd period - Shot by Brock Nelson.
1:01 of 3rd period - Shot Hit the Post.
1:52 of 3rd period - Shot by Morgan Geekie.
1:52 of 3rd period - Shot Misses the Net.
2:12 of 3rd period - Shot by Brock Boeser.
2:12 of 3rd period - Stopped by Semyon Varlamov without a rebound.
2:13 of 3rd period - Boone Jenner wins face-off versus Sheldon Rempal in SEATTLE GRUNGE zone.
2:19 of 3rd period - Boone Jenner is hit by Nicolas Meloche.
2:25 of 3rd period - Shot by Joel Farabee.
2:25 of 3rd period - Shot Misses the Net.
2:27 of 3rd period - Shot by Boone Jenner.
2:27 of 3rd period - Shot Misses the Net.
2:29 of 3rd period - Shot by Jonas Siegenthaler.
2:29 of 3rd period - Stopped by Semyon Varlamov with a rebound.
2:31 of 3rd period - Shot by Boone Jenner.
2:31 of 3rd period - Stopped by Semyon Varlamov with a rebound.
2:43 of 3rd period - Shot by David Kampf.
2:43 of 3rd period - Stopped by Semyon Varlamov without a rebound.
2:44 of 3rd period - Nico Hischier wins face-off versus Riley Sheahan in SEATTLE GRUNGE zone.
2:55 of 3rd period - Shot by Nico Hischier.
2:55 of 3rd period - Shot Misses the Net.
2:57 of 3rd period - Shot by Tyler Myers.
2:57 of 3rd period - Stopped by Semyon Varlamov without a rebound.
2:58 of 3rd period - Brock Nelson wins face-off versus Warren Foegele in SEATTLE GRUNGE zone.
3:05 of 3rd period - Shot by Calle Jarnkrok.
3:05 of 3rd period - Stopped by Semyon Varlamov without a rebound.
3:06 of 3rd period - Riley Sheahan wins face-off versus Boone Jenner in SEATTLE GRUNGE zone.
3:18 of 3rd period - Icing by Danny DeKeyser.
3:19 of 3rd period - Riley Sheahan wins face-off versus Nico Hischier in SEATTLE GRUNGE zone.
4:37 of 3rd period - Travis Sanheim is hit by Boone Jenner and loses puck.
5:19 of 3rd period - Off-side.
5:20 of 3rd period - Nico Hischier wins face-off versus Rem Pitlick in neutral zone.
5:27 of 3rd period - Shot by Nico Hischier.
5:27 of 3rd period - Shot Blocked by Nick Seeler.
6:32 of 3rd period - Shot by Brock Nelson.
6:32 of 3rd period - Shot Misses the Net.
6:34 of 3rd period - Shot by Hampus Lindholm.
6:34 of 3rd period - Shot Misses the Net.
6:36 of 3rd period - Shot by Brock Nelson.
6:36 of 3rd period - Shot Misses the Net.
6:38 of 3rd period - Shot by Martin Fehervary.
6:38 of 3rd period - Stopped by Semyon Varlamov without a rebound.
6:39 of 3rd period - Boone Jenner wins face-off versus Riley Sheahan in SEATTLE GRUNGE zone.
6:49 of 3rd period - Shot by David Kampf.
6:49 of 3rd period - Stopped by Semyon Varlamov without a rebound.
6:50 of 3rd period - Boone Jenner wins face-off versus Warren Foegele in SEATTLE GRUNGE zone.
7:21 of 3rd period - Shot by Milan Lucic.
7:21 of 3rd period - Deflect By Warren Foegele.
7:21 of 3rd period - Goal by Warren Foegele - OAKLAND GORILLAS : 2 - SEATTLE GRUNGE : 2.
7:22 of 3rd period - Conor Garland wins face-off versus Riley Sheahan in neutral zone.
7:25 of 3rd period - Shot by Nico Hischier.
7:25 of 3rd period - Shot Misses the Net.
7:27 of 3rd period - Shot by Brock Boeser.
7:27 of 3rd period - Shot Misses the Net.
8:00 of 3rd period - Shot by Conor Garland.
8:00 of 3rd period - Shot Misses the Net.
8:43 of 3rd period - Shot by Brock Nelson.
8:43 of 3rd period - Goal by Brock Nelson - OAKLAND GORILLAS : 3 - SEATTLE GRUNGE : 2.
8:44 of 3rd period - Boone Jenner wins face-off versus Rem Pitlick in neutral zone.
8:58 of 3rd period - David Kampf is hit by Nick Seeler and loses puck.
9:09 of 3rd period - Shot by Jakub Vrana.
9:09 of 3rd period - Stopped by James Reimer without a rebound.
9:10 of 3rd period - Brock Nelson wins face-off versus Sheldon Rempal in OAKLAND GORILLAS zone.
9:17 of 3rd period - Shot by Brock Nelson.
9:17 of 3rd period - Stopped by Semyon Varlamov without a rebound.
9:18 of 3rd period - Nico Hischier wins face-off versus Sheldon Rempal in SEATTLE GRUNGE zone.
9:31 of 3rd period - Icing by Travis Sanheim.
9:32 of 3rd period - Sheldon Rempal wins face-off versus Brock Nelson in SEATTLE GRUNGE zone.
9:49 of 3rd period - Shot by Brock Nelson.
9:49 of 3rd period - Stopped by Semyon Varlamov without a rebound.
9:50 of 3rd period - Rem Pitlick wins face-off versus Nico Hischier in SEATTLE GRUNGE zone.
9:59 of 3rd period - Shot by Rem Pitlick.
9:59 of 3rd period - Shot Blocked by Zachary Werenski.
10:01 of 3rd period - Shot by Danny DeKeyser.
10:01 of 3rd period - Stopped by James Reimer without a rebound.
10:02 of 3rd period - Riley Sheahan wins face-off versus Brock Nelson in OAKLAND GORILLAS zone.
10:10 of 3rd period - Icing by Jonas Siegenthaler.
10:11 of 3rd period - Brock Nelson wins face-off versus Sheldon Rempal in OAKLAND GORILLAS zone.
11:30 of 3rd period - Conor Garland is hit by Wayne Simmonds and loses puck.
11:47 of 3rd period - Shot by Nico Hischier.
11:47 of 3rd period - Goal by Nico Hischier - OAKLAND GORILLAS : 4 - SEATTLE GRUNGE : 2.
11:48 of 3rd period - Boone Jenner wins face-off versus Riley Sheahan in neutral zone.
11:57 of 3rd period - Nicolas Meloche is hit by Joel Farabee and loses puck.
12:45 of 3rd period - Carl Hagelin is hit by Nico Hischier and loses puck.
12:46 of 3rd period - Carl Hagelin from SEATTLE GRUNGE is injured at 12:46 of 3rd period (Strained Groin).
12:47 of 3rd period - Nico Hischier wins face-off versus Rem Pitlick in SEATTLE GRUNGE zone.
13:20 of 3rd period - Shot by Rem Pitlick.
13:20 of 3rd period - Stopped by James Reimer without a rebound.
13:21 of 3rd period - Brock Nelson wins face-off versus Warren Foegele in OAKLAND GORILLAS zone.
13:26 of 3rd period - Shot by Calle Jarnkrok.
13:26 of 3rd period - Shot Misses the Net.
13:28 of 3rd period - Shot by Paul Stastny.
13:28 of 3rd period - Stopped by Semyon Varlamov with a rebound.
13:30 of 3rd period - Shot by Paul Stastny.
13:30 of 3rd period - Stopped by Semyon Varlamov without a rebound.
13:31 of 3rd period - Boone Jenner wins face-off versus Warren Foegele in SEATTLE GRUNGE zone.
13:36 of 3rd period - Shot by Boone Jenner.
13:36 of 3rd period - Stopped by Semyon Varlamov with a rebound.
14:08 of 3rd period - Shot by Boone Jenner.
14:08 of 3rd period - Stopped by Semyon Varlamov with a rebound.
14:10 of 3rd period - Shot by Hampus Lindholm.
14:10 of 3rd period - Shot Misses the Net.
14:46 of 3rd period - Minor Penalty to Brock Boeser for Roughing.
14:47 of 3rd period - David Kampf wins face-off versus Jakub Vrana in OAKLAND GORILLAS zone.
14:47 of 3rd period - David Kampf is hit by Garnet Hathaway.
16:18 of 3rd period - Shot by Morgan Geekie.
16:18 of 3rd period - Stopped by James Reimer without a rebound.
16:19 of 3rd period - Rem Pitlick wins face-off versus Nico Hischier in OAKLAND GORILLAS zone.
16:43 of 3rd period - Icing by Nikita Zaitsev.
16:44 of 3rd period - David Kampf wins face-off versus Rem Pitlick in SEATTLE GRUNGE zone.
18:57 of 3rd period - Off-side.
18:58 of 3rd period - Warren Foegele wins face-off versus Nico Hischier in neutral zone.
19:00 of 3rd period - Roman Josi is hit by Cameron York and loses puck.
19:04 of 3rd period - Icing by Jonas Siegenthaler.
19:05 of 3rd period - Riley Sheahan wins face-off versus Nico Hischier in OAKLAND GORILLAS zone.
19:05 of 3rd period - Riley Sheahan is hit by Cameron York.
Goals for this period are 2 for OAKLAND GORILLAS vs 1 for SEATTLE GRUNGE.
Shots for this period are 18 for OAKLAND GORILLAS vs 5 for SEATTLE GRUNGE.


NATHAN
MACKINNON
PHILLIP
DANAULT
CONNOR
MCDAVID

EAST COAST

HOCKEY LEAGUE

  • 25.QUE4CHI5
  • 26.CHA2LIM3
  • 27.TRV2LON3
  • 28.CHW4BAL2
  • 29.PITMAN
  • 30.ATLNHW
  • 31.WORPET
  • 32.RHI